 Dungeon Crawl Stone Soup version 0.27-a0-1312-g5cdb2b3542 (webtiles) character file.

Game seed: 2360058605935612531

527 Zonian the Destroyer (level 7, 0/37 HPs)
             Began as a Tengu Conjurer on June 21, 2021.
             Succumbed to Duvessa's poison
             ... on level 6 of the Dungeon.
             The game lasted 00:08:10 (6017 turns).

Zonian the Destroyer (Tengu Conjurer)               Turns: 6017, Time: 00:08:11

Health: 0/37       AC:  4    Str:  8    XL:     7   Next: 23%
Magic:  3/14       EV: 15    Int: 20    God:
Gold:   246        SH:  0    Dex: 12    Spells: 7/14 levels left

rFire    . . .     SeeInvis .   l - staff of conjuration
rCold    . . .     Faith    .   (no shield)
rNeg     . . .     Spirit   .   a - +0 robe
rPois    .         Reflect  .   (helmet restricted)
rElec    .         Harm     .   q - +1 cloak
rCorr    .         Rampage  .   (no gloves)
Will     .....                  (boots unavailable)
Stlth    ++........             (no amulet)
HPRegen  0.12/turn              (no ring)
MPRegen  0.14/turn              (no ring)

@: lethally poisoned (0 -> -13), attractive, flying quickly and evasively, quick
A: beak, talons 3, nimble flight
a: no special abilities


You were on level 6 of the Dungeon.
You visited 1 branch of the dungeon, and saw 6 of its levels.

You collected 246 gold pieces.

Inventory:

Hand Weapons
 b - a +0 dagger
 f - a +3 dagger of venom
 i - a +4 short sword of draining
 k - a +2 short sword of protection
Missiles
 d - a throwing net
Armour
 a - a +0 robe (worn)
 c - a scarf of harm
 q - a +1 cloak (worn)
Magical Staves
 l - a staff of conjuration (weapon)
Jewellery
 n - a +6 ring of dexterity
Wands
 h - a wand of charming (7)
Scrolls
 e - a scroll of enchant armour
 j - a scroll of enchant weapon
 p - 2 scrolls of identify


   Skills:
 + Level 0.8 Fighting
 + Level 0.5 Short Blades
 + Level 2.7 Dodging
 + Level 3.2 Stealth
 + Level 4.4 Spellcasting
 + Level 8.4 Conjurations


You had 7 spell levels left.
You knew the following spells:

 Your Spells              Type           Power      Damage    Failure   Level
a - Magic Dart            Conj           100%       1d8       1%          1
b - Searing Ray           Conj           100%       3d7       1%          2
c - Iskenderun's Mystic   Conj/Tloc      32%        2d8       22%         4

Your spell library contained the following spells:

 Spells                   Type           Power      Damage    Failure   Level
 Dazzling Flash           Conj/Hex       64%        N/A       6%          3
 Animate Skeleton         Necr           8%         N/A       12%         1
 Pain                     Necr           16%        1d4       12%         1
 Fulminant Prism          Conj/Hex       16%        3d11      22%         4
 Vampiric Draining        Necr           2%         2d6       36%         3
 Animate Dead             Necr           2%         N/A       77%         4
 Agony                    Necr           4%         N/A       98%         5


Dungeon Overview and Level Annotations

Branches:
Dungeon (7/15)
 Temple: D:4-7

Altars:
Ashenzari
Dithmenos
Hepliaklqana

Portals:
Sewer: D:6

Annotations:
D:2 1 runed translucent door, Crazy Yiuf
D:6 Dowan, Duvessa, Grinder, Prince Ribbit


Innate Abilities, Weirdness & Mutations

You have a beak for a mouth.
You have claws for feet.
Your magical nature lets you fly swiftly and evasively.


Message History

It was a potion of curing.
You feel better.
You hit the quokka but do no damage.
Prince Ribbit asks, "Just a little smooch?"
Prince Ribbit hits you! The quokka barely misses you.
Prince Ribbit croaks regally.
Prince Ribbit hits you!
Grinder comes into view.
You barely miss the quokka. You claw the quokka, but do no damage.
Prince Ribbit blinks!
The quokka bites you.
* * * LOW HITPOINT WARNING * * *
Grinder blinks!
Unknown command.
It was a potion of attraction.
You feel attractive to monsters. The quokka closely misses you.
Grinder blinks!
Prince Ribbit is pulled toward you! The ice beast is pulled toward you!
Grinder is pulled toward you!
Blink to where?
Press: ? - help, Dir - move target
As you read the scroll of blinking, it crumbles to dust.
A quokka, Dowan and a zombie come into view.
Dowan is wielding a +4 dagger of draining.
Grinder gestures at you.
You struggle to resist.
The quokka is pulled toward you! Grinder is pulled toward you!
Prince Ribbit is pulled toward you! The wyvern zombie is pulled toward you!
The quokka is pulled toward you! Dowan is pulled toward you!
The ice beast is pulled toward you! Duvessa is pulled toward you!
The wyvern zombie closely misses you.
Things that are here:
a quokka corpse; a giant cockroach corpse Duvessa hits you with a +0 short sword of venom!
* * * LOW HITPOINT WARNING * * *
You are lethally poisoned!
Dowan shouts!
Unknown command.
You aren't carrying any potions.
Unknown command.
Okay, then.
You die...

..).....# #.##... ###.#
........# ........#...
..)....## ##...##......
###.##.#####............
....#....#.....r##...$.
.........#....5r.......
...##.........#Ze.#....
.....#......F5#≈≈e# .
###..........Y#≈@≈#
#.......§...#≈≈≈#
............§#≈≈≈#
.....####....#≈∩≈# ..$..
#.....#≈≈≈# .....
#.....#≈≈≈# ..
#......#≈≈≈#
#.......#≈≈≈# ........#


You could see Grinder, Duvessa, Dowan, a wyvern zombie and 2 quokkas.

Vanquished Creatures
  An orc warrior (D:6)
  An ice beast (D:4)
  A necrophage (D:4)
  A hound (D:6)
  2 orc priests (D:3)
  An orc wizard (D:3)
  3 adders
  3 worms
  A dart slug (D:3)
  13 orcs
  8 bats
  4 endoplasms
  8 giant cockroaches
  4 hobgoblins
  6 jackals
  4 quokkas
  8 ball pythons
  5 frilled lizards
  8 goblins
  7 kobolds
  5 rats
94 creatures vanquished.

Vanquished Creatures (others)
  An orc (D:6)
1 creature vanquished.

Grand Total: 95 creatures vanquished

Notes
Turn   | Place    | Note
-------+----------+-------------------------------------------
     0 | D:1      | Zonian the Tengu Conjurer began the quest for the Orb.
     0 | D:1      | Reached XP level 1. HP: 10/10 MP: 4/4
   513 | D:1      | Reached XP level 2. HP: 15/15 MP: 4/6
   754 | D:1      | Reached skill level 6 in Conjurations
  1005 | D:1      | Reached XP level 3. HP: 15/19 MP: 7/7
  1292 | D:2      | Learned a level 2 spell: Searing Ray
  1630 | D:2      | Reached XP level 4. HP: 24/24 MP: 6/8
  2108 | D:2      | Found a faded altar of an unknown god.
  2396 | D:2      | Found a runed translucent door.
  2397 | D:2      | Noticed Crazy Yiuf
  3198 | D:3      | Reached skill level 7 in Conjurations
  3198 | D:3      | Gained mutation: Your magical nature lets you fly swiftly
                  | and evasively. [Tengu growth]
  3198 | D:3      | Reached XP level 5. HP: 21/28 MP: 2/10
  4755 | D:4      | Found a broken altar of Ashenzari.
  4843 | D:4      | Noticed a necrophage
  4853 | D:4      | Killed a necrophage
  4854 | D:4      | Reached XP level 6. HP: 20/33 MP: 0/12
  5166 | D:4      | Found a shadowy altar of Dithmenos.
  5166 | D:4      | Noticed a shadow
  5167 | D:4      | Found a hazy altar of Hepliaklqana.
  5237 | D:4      | Noticed an ice beast
  5246 | D:4      | Killed an ice beast
  5247 | D:4      | Reached skill level 8 in Conjurations
  5903 | D:4      | You are sucked into a shaft and drop 3 floors!
  5917 | D:7      | Identified a scroll of acquirement
  5917 | D:7      | Acquired a staff of conjuration
  5932 | D:7      | Learned a level 4 spell: Iskenderun's Mystic Blast
  5953 | D:6      | Noticed an orc warrior
  5968 | D:6      | Killed an orc warrior
  5969 | D:6      | Reached XP level 7. HP: 37/37 MP: 7/14
  5990 | D:6      | Found a glowing drain.
  6001 | D:6      | Noticed Duvessa
  6001 | D:6      | Noticed a steam dragon
  6007 | D:6      | Noticed Prince Ribbit
  6011 | D:6      | Noticed Grinder
  6014 | D:6      | Noticed Dowan
  6017 | D:6      | Succumbed to Duvessa's poison

Illustrated notes

Levels and vault maps discovered:
D:1:      dpeg_arrival_subterranean_lakeside_camping, layout_loops_ring
D:2:      minmay_general_purpose_star, layout_loops_corners,
          hellmonk_ecumenical_altar_run_dry, uniq_crazy_yiuf_cottage
D:3:      layout_basic, hex_intersection
D:4:      layout_gridville, riverfiend_overflow_shadow_ancestor,
          nicolae_ashenzari_panopticon, lemuel_zombie_altar_yredelemnul
D:6:      layout_cave_pools, portal_sewer_entry_f, uniq_pikel, uniq_duvessa,
          uniq_grinder, uniq_prince_ribbit1
D:7:      layout_loops_cross, lemuel_tele_altar

Skill      XL: |  1  2  3  4  5  6 |
---------------+-------------------+-----
Conjurations   | 6 7 8 |  8.4
Spellcasting   | 3 4 |  4.4
Stealth        | 3 |  3.2
Fighting       | |  0.8
Short Blades   | |  0.5
Dodging        | |  2.7

Action                   |  1- 3 |  4- 6 |  7- 9 || total
-------------------------+-------+-------+-------++-------
Melee: Dagger            |    15 |    24 |       ||    39
       Peck              |     2 |     3 |       ||     5
       Kick              |     2 |     4 |     1 ||     7
       Staff             |       |       |     3 ||     3
 Cast: Magic Dart        |    66 |   112 |    10 ||   188
       Searing Ray       |       |     7 |       ||     7
Evoke: Wand              |       |     2 |       ||     2
  Use: Scroll            |       |    10 |     1 ||    11
       Potion            |       |     1 |     2 ||     3
Armor: Robe              |     6 |     2 |       ||     8
Dodge: Dodged            |    15 |    28 |    10 ||    53

Table legend: (Time is in decaauts)
 A = Elapsed time spent in this place.
 B = Non-inter-level travel time spent in this place.
 C = Inter-level travel time spent in this place.
 D = Time resting spent in this place.
 E = Time spent auto-exploring this place.
 F = Levels seen in this place.
 G = Mean time per level.
                   A        B        C        D        E       F      G
               +--------+--------+--------+--------+--------+-----+--------+
         Total |   5926 |   5819 |    107 |   1785 |   3487 |   6 |  987.7 |
       Dungeon |   5926 |   5819 |    107 |   1785 |   3487 |   6 |  987.7 |
               +--------+--------+--------+--------+--------+-----+--------+

Top non-repeatable levels by time:
     D:3: 1911 daAuts
     D:4: 1468 daAuts
     D:2: 1272 daAuts
     D:1: 1167 daAuts
     D:6: 66 daAuts
     D:7: 40 daAuts
